 Dungeon Crawl Stone Soup version 0.31-a0-361-g0f8bd3a31e (webtiles) character file.

Game seed: 7579003440254326144

198494 AdnanSaban the Warrior (level 18, 0/126 HPs)
             Began as a Gargoyle Fighter on July 27, 2023.
             Was the Champion of Okawaru.
             Slain by a water nymph (1 damage)
             ... on level 4 of the Shoals.
             The game lasted 01:25:49 (32730 turns).

AdnanSaban the Warrior (Gargoyle Fighter)          Turns: 32730, Time: 01:25:50

Health: 0/126      AC: 39    Str: 27    XL:     18   Next: 44%
Magic:  23/23      EV:  9    Int: 13    God:    Okawaru [******]
Gold:   3415       SH: 25    Dex: 12    Spells: 17/17 levels left

rFire   + . .        B - +3 demon whip of Overwhelming Force {vamp, Will+ Int+3}
rCold   + + .        c - +0 tower shield {reflect}
rNeg    + + +        S - +1 plate armour {rC+}
rPois   ∞            r - +2 helmet {SInv}
rElec   +            P - scarf of the End {rC+ rF+, rPois rN+}
rCorr   .            N - +0 pair of fencer's gloves {Riposte Dex+3}
SInv    +            Q - +1 pair of boots
Will    +++..        m - amulet of reflection Stlth
                     T - ring of positive energy
HPRegen 0.41/turn    D - ring of willpower
MPRegen 0.18/turn

%: reflection
@: flying
A: sickness immunity, AC +13, big wings, negative energy resistance 1,
electricity resistance, torment resistance 1, petrification resistance
}: 1/15 runes: serpentine
a: Renounce Religion, Heroism, Finesse, Duel


You were on level 4 of the Shoals.
You worshipped Okawaru.
Okawaru was exalted by your worship.
You visited 6 branches of the dungeon, and saw 28 of its levels.
You also visited: Gauntlet and Ice Cave.

You collected 3415 gold pieces.

Inventory:

Hand Weapons
 s - the +8 hammer "Wiycryen" {elec, +Blink rC+ Will+}
   (You found it on level 3 of the Dungeon)

   rC:        It protects you from cold.
   +Blink:    It lets you blink.
   Will:      It increases your willpower.
 B - the +3 demon whip of Overwhelming Force (weapon) {vamp, Will+ Int+3}
   (Okawaru gifted it to you on level 4 of the Lair of Beasts)

   Int:       It affects your intelligence (+3).
   Will:      It increases your willpower.
Missiles
 a - 20 poisoned darts (quivered)
 q - 7 javelins
 H - 5 atropa-tipped darts
 I - 19 silver boomerangs
Armour
 c - a +0 tower shield of reflection (worn)
 r - a +2 helmet of see invisible (worn)
 N - the +0 pair of fencer's gloves (worn) {Riposte Dex+3}
   (You found it on level 2 of the Snake Pit)

   Riposte:   It allows the wearer to riposte with melee weapons, swiftly
   retaliating against missed or blocked melee attacks.
   Dex:       It affects your dexterity (+3).
 O - the +2 pair of gloves of Impressiveness {rElec rF+ SInv}
   (Okawaru gifted it to you on level 1 of the Orcish Mines)

   rF:        It protects you from fire.
   rElec:     It insulates you from electricity.
   SInv:      It lets you see invisible.
 P - the scarf of the End (worn) {rC+ rF+, rPois rN+}
   (Okawaru gifted it to you on level 10 of the Dungeon)

   rPois:     It protects you from poison.
   rN:        It protects you from negative energy.
 Q - a +1 pair of boots (worn)
 R - the +1 buckler of Eternal Vigilance {rPois Regen+ rCorr Int+2}
   (You found it on level 5 of the Dungeon)

   Int:       It affects your intelligence (+2).
   rPois:     It protects you from poison.
   Regen:     It increases your rate of health regeneration.
   rCorr:     It protects you from acid and corrosion.
 S - a +1 plate armour of cold resistance (worn)
Jewellery
 h - a ring of protection from cold
 m - an amulet of reflection (around neck)
 y - an amulet of regeneration
 D - a ring of willpower (right hand)
 K - a ring of protection from cold
 T - a ring of positive energy (left hand)
Wands
 t - a wand of mindburst (15)
 U - a wand of digging (8)
Scrolls
 e - 6 scrolls of fear {unknown}
 i - 4 scrolls of revelation {unknown}
 j - 12 scrolls of teleportation {unknown}
 k - 7 scrolls of blinking {unknown}
 l - 4 scrolls of poison {unknown}
 o - 2 scrolls of immolation {unknown}
 p - 23 scrolls of identify {unknown}
 u - 3 scrolls of torment {unknown}
 w - 3 scrolls of vulnerability {unknown}
 x - 4 scrolls of noise {unknown}
 A - 4 scrolls of enchant weapon {unknown}
 G - 2 scrolls of fog {unknown}
 L - 2 scrolls of amnesia {unknown}
 M - 3 scrolls of silence {unknown}
 W - 2 scrolls of brand weapon {unknown}
 Y - a scroll of butterflies {unknown}
Potions
 b - 2 potions of heal wounds {unknown}
 d - 2 potions of might
 f - 6 potions of curing
 g - 2 potions of invisibility {unknown}
 n - 3 potions of brilliance {unknown}
 v - 3 potions of degeneration {unknown}
 z - 3 potions of haste {unknown}
 C - a potion of berserk rage {unknown}
 E - a potion of magic {unknown}
 F - a potion of ambrosia {unknown}
 J - 8 potions of mutation {unknown}
 V - 2 potions of resistance {unknown}
 X - 3 potions of attraction {unknown}
 Z - 5 potions of lignification {unknown}


   Skills:
 * Level 18.7 Fighting
 + Level 15.5 Maces & Flails
 + Level 7.4 Throwing
 + Level 14.3 Armour
 + Level 5.6 Dodging
 + Level 18.4 Shields
 * Level 6.7 Invocations


You had 17 spell levels left.
You didn't know any spells.
Your spell library contained the following spells:

 Spells                   Type           Power      Damage    Failure   Level
 Foxfire                  Conj/Fire      0%         2x1d4     98%         1
 Freeze                   Ice            0%         1d3       98%         1
 Magic Dart               Conj           0%         1d3       98%         1
 Necrotise                Necr           0%         1d4       98%         1
 Blink                    Tloc           0%         N/A       99%         2
 Lesser Beckoning         Tloc           0%         N/A       99%         2
 Momentum Strike          Conj/Tloc      0%         3d8       99%         2
 Static Discharge         Conj/Air       0%         2-2/arc   99%         2
 Wereblood                Tmut           0%         N/A       99%         2
 Frozen Ramparts          Ice            0%         1d1       100%        3
 Hailstorm                Conj/Ice       0%         3d3       100%        3
 Ignite Poison            Fire/Tmut/Pois 0%         N/A       100%        3
 Inner Flame              Hex/Fire       0%         N/A       100%        3
 Mephitic Cloud           Conj/Pois/Air  0%         N/A       100%        3
 Portal Projectile        Hex/Tloc       0%         N/A       100%        3
 Vampiric Draining        Necr           0%         2d6       100%        3
 Airstrike                Air            0%         2d(0-16)  100%        4
 Dispel Undead            Necr           0%         3d6       100%        4
 Iskenderun's Mystic Bla  Conj/Tloc      0%         2d3       100%        4
 Manifold Assault         Tloc           0%         N/A       100%        4
 Petrify                  Tmut/Erth      0%         N/A       100%        4
 Sticky Flame             Conj/Fire      0%         2d3       100%        4
 Agony                    Necr           0%         N/A       100%        5
 Irradiate                Conj/Tmut      0%         3d11      100%        5
 Lee's Rapid Deconstruct  Erth           0%         3d4*      100%        5
 Yara's Violent Unravell  Hex/Tmut       0%         3d3       100%        5
 Conjure Ball Lightning   Conj/Air       0%         3x3d6     100%        6
 Plasma Beam              Fire/Air       0%         2x1d10    100%        6
 Starburst                Conj/Fire      0%         6d3       100%        6
 Enfeeble                 Hex            0%         N/A       100%        7
 Discord                  Hex            0%         N/A       100%        8
 Disjunction              Tloc           0%         N/A       100%        8
 Ignition                 Fire           0%         3d3       100%        8
 Summon Small Mammal      Summ           Unusable   N/A       N/A         1
 Call Imp                 Summ           Unusable   N/A       N/A         2
 Cigotuvi's Dreadful Rot  Necr/Pois/Air  Unusable   N/A       N/A         2
 Sublimation of Blood     Necr           Unusable   N/A       N/A         2
 Call Canine Familiar     Summ           Unusable   N/A       N/A         3
 Summon Guardian Golem    Hex/Summ       Unusable   N/A       N/A         3
 Tukima's Dance           Hex            Unusable   N/A       N/A         3
 Animate Armour           Summ/Erth      Unusable   N/A       N/A         4
 Summon Lightning Spire   Summ/Air       Unusable   N/A       N/A         4
 Death Channel            Necr           Unusable   N/A       N/A         6
 Summon Hydra             Summ           Unusable   N/A       N/A         7

Dungeon Overview and Level Annotations

Branches:
Dungeon (12/15)            Temple (1/1) D:5            Lair (5/5) D:11
 Shoals (4/4) Lair:3        Snake (4/4) Lair:2        Slime (0/5) Lair:4
    Orc (2/2) D:11            Elf (0/3) Orc:2         IceCv (visited)
Gauntlet (visited)

Altars:
Ashenzari
Cheibriados
Dithmenos
Elyvilon
Fedhas
Gozag
Hepliaklqana
Kikubaaqudgha
Makhleb
Nemelex Xobeh
Okawaru
Qazlal
Ru
Sif Muna
Trog
Uskayaw
Vehumet
Wu Jian
Xom
Yredelemnul
Zin
The Shining One
Jiyva
Lugonu

Shops:
D:7 ?   D:8 (   D:10 *   Orc:1 ([!!   Orc:2 !![*:

Portals:
Abyss: Lair:5

Annotations:
D:8 3 runed translucent doors, philipeq's ghost, journeyman FoMo
D:9 1 runed translucent door, blacky4's ghost, journeyman DjCj
Temple 2 transporters
Shoals:4 Kirke; Polyphemus
Snake:2 Roxanne


Innate Abilities, Weirdness & Mutations

You are immune to sickness and miasma.
Your stone body is resilient. (AC +13)
You are immune to poison.
Your large and strong wings let you fly.
You resist negative energy. (rN+)
You are resistant to electric shocks. (rElec)
You are resistant to unholy torment.
You are immune to petrification.


Message History

The merfolk hits you from afar with a +0 halberd!!
* * * LOW HITPOINT WARNING * * *
A merfolk comes into view. It is wielding a +0 trident.
You hit the harpy.
You feel better.
You kill the harpy!
Okawaru accepts your kill. The harpy claws you but does no damage.
You block the harpy's attack.
The merfolk hits you but does no damage.
You block the merfolk's attack. You block the water nymph's attack.
A manticore comes into view.
You block the merfolk's attack.
The merfolk siren chants a haunting song.
You resist with almost no effort.
The snapping turtle bites you but does no damage.
The death yak closely misses you.
The water nymph points at you and mumbles some strange words.
The water rises up and strikes you.
* * * LOW HITPOINT WARNING * * *
You feel better.
You block the harpy's attack. x2; You riposte.
You barely miss the harpy. You block the merfolk's attack.
The harpy claws you but does no damage. The harpy closely misses you.
You block the merfolk's attack.
The merfolk siren chants a haunting song.
You resist with almost no effort. The merfolk closely misses you.
The merfolk siren chants a haunting song.
You resist with almost no effort.
The merfolk hits you from afar with a +0 trident!
* * * LOW HITPOINT WARNING * * *
The death yak gores you.
* * * LOW HITPOINT WARNING * * *
The faun hits you but does no damage.
A satyr comes into view. It is wielding a +0 club.
The merfolk siren hits you from afar with a +2 spear of venom.
* * * LOW HITPOINT WARNING * * *
The snapping turtle misses you. The water nymph casts a spell at you.
The water rises up and strikes you!
* * * LOW HITPOINT WARNING * * *
The water nymph touches you.
You die...

~~~..YS .. #.~≈
~....##.##c.~ #.~~≈
##m#m§.~Hm#.. ### .~~~≈
.#..~~§#...m.(##.##H~m~≈
~~~~~~~#...#@m~~h~~~~~~≈
~PP)~m~c....HYHYSH~)~~~≈
~..†.§..#+#.mHcmmmt~~~~≈
.P.P.§H......CmmH~~~~~~≈
...##.P....H...#@m~~~~~≈
..P #<(....P..#Y?m~~~~~≈
~. .........HmH~~~~~~≈≈
~~ PP.P.$.......~~~~≈≈≈
~ ~~~~~~~~~~~~~~~~~≈≈≈≈
≈ ≈≈≈≈≈≈≈≈≈≈≈≈≈≈≈≈≈≈≈≈≈
≈≈≈≈≈≈≈≈≈≈≈≈≈≈≈≈≈≈≈≈≈≈
≈≈≈≈≈≈≈≈≈≈≈≈≈≈≈


You could see Polyphemus, Kirke, a sphinx, a merfolk impaler, 2 death yaks, a
catoblepas, a satyr, a sea snake, a snapping turtle, 7 merfolk, a faun (strong),
3 manticores, 3 merfolk sirens, 2 water nymphs, 5 harpies and a hog.

Vanquished Creatures
  Vashnia (Snake:2)
  4 krakens
  Aizul (Snake:3)
  7 nagarajas (Snake:4)
  A minotaur (Gauntlet)
  Josephine (Lair:4)
  6 merfolk javelineers
  2 merfolk impalers
  An ice dragon (IceCv)
  4 salamander tyrants (Snake:4)
  3 hydras (Lair:4)
  6 merfolk avatars
  7 anacondas
  3 satyrs
  5 merfolk aquamancers
  A boulder beetle (Lair:4)
  16 naga warriors
  2 two-headed ogres (D:10)
  2 centaur warriors
  17 naga sharpshooters
  2 orc high priests (Orc:1)
  4 death yaks (Lair:4)
  2 thrashing horrors (Lair:5)
  Sonja (Lair:4)
  A shock serpent (Snake:2)
  4 skysharks
  3 salamander mystics (Snake:3)
  11 sea snakes
  6 naga ritualists
  2 lindwurms
  11 harpies
  9 orc knights
  7 mana vipers
  A cyclops (Shoals:1)
  2 deep elf pyromancers
  28 salamanders
  3 orc sorcerers (Orc:1)
  8 manticores
  5 ugly things
  17 fauns
  26 black mambas
  A guardian serpent (shapeshifter) (Lair:5)
  4 guardian serpents
  9 merfolk sirens
  3 elephants (Lair:5)
  2 ice statues (IceCv)
  8 water nymphs
  16 naga magi
  Joseph (D:7)
  13 cane toads
  A kobold demonologist (D:11)
  15 rime drakes
  An unseen horror (D:11)
  8 komodo dragons
  An efreet (Gauntlet)
  2 ice devils (Lair:1)
  5 trolls
  31 merfolk
  7 wind drakes
  A hornet (shapeshifter) (Lair:5)
  2 polar bears
  A hornet (D:10)
  3 snapping turtles
  9 dream sheep
  33 blink frogs
  2 raiju (Lair:5)
  2 slime creatures (D:12)
  A dream sheep (shapeshifter) (Lair:5)
  Sigmund (D:3)
  2 ynoxinuls (Lair:5)
  8 water elementals
  4 wraiths
  A shadow (D:12)
  A spriggan (Lair:5)
  8 basilisks
  17 yaks
  A wyvern (Lair:3)
  7 steam dragons
  2 fire elementals (Gauntlet)
  3 large abominations (Lair:5)
  3 chaos spawn (Lair:5)
  10 wargs
  50 nagas
  2 swamp worms (Gauntlet)
  Menkaure (D:7)
  An acid dragon (D:8)
  A hell hound (Gauntlet)
  12 water moccasins
  2 hornet zombies (D:6)
  42 orc warriors
  3 ice beasts
  10 wolves
  3 black bears
  4 centaurs
  10 ogres
  A phantom (D:5)
  3 kobold brigands
  10 small abominations
  11 bullfrogs
  4 scorpions
  4 gnoll sergeants
  3 wyvern zombies (D:6)
  5 wights
  2 lindwurm simulacra (IceCv)
  14 killer bees
  An electric eel (Lair:3)
  2 howler monkeys
  3 centaur zombies (D:6)
  2 bullfrog zombies (D:6)
  9 komodo dragon simulacra (IceCv)
  3 hounds
  8 jellies
  Crazy Yiuf (D:3)
  2 bullfrog skeletons (D:6)
  3 gnoll boudas
  11 orc priests
  7 iguanas
  3 sleepcaps
  Ijyb (D:4)
  14 orc wizards
  5 hell rats (Lair:2)
  2 killer bee zombies (D:6)
  3 howler monkey zombies (D:6)
  4 acid dragon simulacra (IceCv)
  31 gnolls
  6 adders
  3 shadow imps
  2 white imps
  6 steam dragon simulacra (IceCv)
  2 worms
  95 orcs
  7 ball pythons
  7 endoplasms
  4 giant cockroaches
  17 goblins
  11 hobgoblins
  4 jackals (D:2)
  2 quokkas
  6 frilled lizards
  16 kobolds
  3 rats
  9 tentacles
1006 creatures vanquished.

Vanquished Creatures (others)
  A rime drake (IceCv)
  91 tentacles
92 creatures vanquished.

Grand Total: 1098 creatures vanquished

Notes
Turn   | Place    | Note
-------+----------+-------------------------------------------
     0 | D:1      | AdnanSaban the Gargoyle Fighter began the quest for the
                  | Orb.
     0 | D:1      | Reached XP level 1. HP: 14/14 MP: 1/1
   270 | D:1      | Reached XP level 2. HP: 19/19 MP: 2/2
  1024 | D:2      | Reached XP level 3. HP: 23/23 MP: 3/3
  1303 | D:2      | Found a faded altar of an unknown god.
  1775 | D:3      | Reached XP level 4. HP: 27/29 MP: 4/4
  1870 | D:3      | Noticed Sigmund
  1885 | D:3      | Killed Sigmund
  1886 | D:3      | Reached XP level 5. HP: 10/33 MP: 5/5
  1886 | D:3      | Reached XP level 6. HP: 12/38 MP: 6/6
  2571 | D:3      | Found a runed translucent door.
  2572 | D:3      | Noticed Crazy Yiuf
  2878 | D:3      | Killed Crazy Yiuf
  2883 | D:3      | Identified the +8 hammer "Wiycryen" {elec, +Blink rC+
                  | Will+}
  2930 | D:4      | Noticed Ijyb
  2961 | D:4      | Reached skill level 1 in Dodging
  2965 | D:4      | Killed Ijyb
  2966 | D:4      | Reached skill level 5 in Armour
  2971 | D:4      | Reached XP level 7. HP: 39/44 MP: 7/7
  3212 | D:4      | Found an opulent altar of Gozag.
  3213 | D:4      | Found a shadowy altar of Dithmenos.
  3270 | D:4      | Reached skill level 5 in Maces & Flails
  3674 | D:5      | Entered Level 5 of the Dungeon
  4127 | D:5      | Reached XP level 8. HP: 45/48 MP: 8/8
  4242 | D:5      | Found a burning altar of Makhleb.
  4269 | D:5      | Found an ancient bone altar of Kikubaaqudgha.
  4274 | D:5      | Identified the +1 buckler of Eternal Vigilance {rPois
                  | Regen+ rCorr Int+2}
  4588 | D:5      | Found a staircase to the Ecumenical Temple.
  4625 | D:5      | Reached skill level 5 in Fighting
  4625 | D:5      | Reached skill level 5 in Shields
  4687 | Temple   | Found a transporter.
  4687 | Temple   | Found a transporter.
  4687 | Temple   | Found a transporter.
  4687 | Temple   | Found a transporter.
  4687 | Temple   | Entered the Ecumenical Temple
  4707 | Temple   | Became a worshipper of Warmaster Okawaru
  4999 | D:6      | Reached * piety under Okawaru
  5024 | D:5      | Reached skill level 1 in Throwing
  5241 | D:6      | Reached XP level 9. HP: 36/54 MP: 9/9
  5404 | D:6      | Reached ** piety under Okawaru
  5894 | D:6      | Found a stormy altar of Qazlal.
  5895 | D:6      | Found a glowing silver altar of Zin.
  6154 | D:7      | Noticed a deep elf pyromancer
  6163 | D:7      | Killed a deep elf pyromancer
  6206 | D:7      | Found Muywinn's Magic Scroll Boutique.
  6300 | D:7      | Noticed Joseph
  6314 | D:7      | Killed Joseph
  6314 | D:7      | Reached *** piety under Okawaru
  6315 | D:7      | Reached XP level 10. HP: 45/61 MP: 10/10
  6470 | D:7      | Found an ornate altar of the Wu Jian Council.
  7015 | D:7      | Noticed Menkaure
  7023 | D:7      | Killed Menkaure
  7376 | D:7      | Reached **** piety under Okawaru
  7381 | D:7      | Reached skill level 1 in Invocations
  7422 | D:8      | Found Xotzunnaemi's Antique Weapon Shoppe.
  7448 | D:8      | Found a runed translucent gate.
  7448 | D:8      | Noticed philipeq's ghost (journeyman FoMo)
  7607 | D:8      | Found a runed translucent gate.
  7608 | D:8      | Found a runed translucent gate.
  8025 | D:9      | Reached ***** piety under Okawaru
  8233 | D:9      | Found a runed translucent door.
  8233 | D:9      | Noticed blacky4's ghost (journeyman DjCj)
  8458 | D:9      | Identified the +4 short sword of Tyahida {venom, *Corrode
                  | Will++ Int+5}
  8540 | D:10     | Entered Level 10 of the Dungeon
  8641 | D:10     | Found Uclexoj's Assorted Antiques.
  8823 | D:10     | Reached XP level 11. HP: 63/67 MP: 13/13
  8875 | D:10     | Reached skill level 10 in Maces & Flails
  9176 | D:11     | Noticed a two-headed ogre
  9208 | D:10     | Killed a two-headed ogre
  9208 | D:10     | Identified the scarf of the End {rC+ rF+, rPois rN+}
                  | (Okawaru gifted it to you on level 10 of the Dungeon)
  9208 | D:10     | Received a gift from Okawaru
  9397 | D:11     | Found a staircase to the Orcish Mines.
  9556 | D:11     | Noticed a two-headed ogre
  9557 | D:11     | Found a staircase to the Lair.
  9706 | D:10     | Killed a two-headed ogre
 10213 | D:11     | Noticed a manticore
 10228 | D:11     | Killed a manticore
 10336 | D:12     | Noticed a red ugly thing
 10348 | D:12     | Killed a red ugly thing
 10349 | D:12     | Reached skill level 5 in Invocations
 10397 | D:12     | Noticed a green ugly thing
 10421 | D:11     | Killed a green ugly thing
 10595 | D:12     | Noticed a deep elf pyromancer
 10607 | D:12     | Killed a deep elf pyromancer
 11050 | D:12     | Noticed a soul eater
 11142 | D:12     | Noticed a cyan ugly thing
 11157 | D:12     | Killed a cyan ugly thing
 11158 | D:12     | Reached XP level 12. HP: 59/75 MP: 16/16
 11786 | Lair:1   | Entered Level 1 of the Lair of Beasts
 11819 | D:11     | Identified the +0 cloak of Pismis {*Slow rElec rF+ rN+}
                  | (Okawaru gifted it to you on level 11 of the Dungeon)
 11819 | D:11     | Received a gift from Okawaru
 11839 | Lair:1   | Found a frozen archway.
 11861 | IceCv    | Entered an ice cave
 12031 | IceCv    | Identified the staff "Ceosso" {rElec Int+5 Dex-4 SInv Conj
                  | Air}
 12109 | IceCv    | Reached skill level 10 in Shields
 12147 | IceCv    | Noticed an ice dragon
 12201 | IceCv    | Killed an ice dragon
 12927 | Lair:1   | Identified the +7 whip of the Lame Duck {vamp, rElec}
 13242 | Lair:2   | Found a staircase to the Snake Pit.
 13521 | Lair:2   | Reached skill level 5 in Dodging
 13575 | Lair:2   | Reached XP level 13. HP: 81/81 MP: 17/17
 13598 | Lair:2   | Received a gift from Okawaru
 13975 | Lair:3   | Received a gift from Okawaru
 13983 | Lair:3   | Reached skill level 10 in Fighting
 14058 | Lair:3   | Reached ****** piety under Okawaru
 14070 | Lair:3   | Reached skill level 10 in Armour
 14200 | Lair:3   | Found a gate leading to a gauntlet.
 14213 | Gauntlet | Entered a Gauntlet
 14213 | Gauntlet | Found a transporter.
 14213 | Gauntlet | Found a transporter.
 14217 | Gauntlet | Found a transporter.
 14217 | Gauntlet | Found a transporter.
 14219 | Gauntlet | Found a large runed translucent door.
 14220 | Gauntlet | Found a large runed translucent door.
 14221 | Gauntlet | Found a large runed translucent door.
 14221 | Gauntlet | Found a large runed translucent door.
 14221 | Gauntlet | Found a runed translucent door.
 14221 | Gauntlet | Found a runed translucent door.
 14222 | Gauntlet | Found a large runed translucent door.
 14222 | Gauntlet | Found a large runed translucent door.
 14222 | Gauntlet | Found a large runed translucent door.
 14222 | Gauntlet | Found a large runed translucent door.
 14223 | Gauntlet | Found a large runed translucent door.
 14224 | Gauntlet | Found a large runed translucent door.
 14226 | Gauntlet | Found a transporter.
 14227 | Gauntlet | Found a large runed translucent door.
 14227 | Gauntlet | Found a large runed translucent door.
 14228 | Gauntlet | Found a large runed translucent door.
 14228 | Gauntlet | Found a large runed translucent door.
 14228 | Gauntlet | Found a large runed translucent door.
 14228 | Gauntlet | Found a large runed translucent door.
 14231 | Gauntlet | Found a runed translucent gate.
 14231 | Gauntlet | Found a runed translucent gate.
 14231 | Gauntlet | Found a runed translucent gate.
 14233 | Gauntlet | Found a transporter.
 14243 | Gauntlet | Found a transporter.
 14243 | Gauntlet | Found a transporter.
 14246 | Gauntlet | Found a transporter.
 14273 | Gauntlet | Found a transporter.
 14280 | Gauntlet | Found a transporter.
 14324 | Gauntlet | Found a transporter.
 14339 | Gauntlet | Found a transporter.
 14355 | Gauntlet | Found a transporter.
 14454 | Gauntlet | Found a transporter.
 14468 | Gauntlet | Found a transporter.
 14672 | Gauntlet | Identified the +0 robe of Defence {-Tele rElec Slay+3}
 14674 | Gauntlet | Identified the +0 pair of boots "Jeatay" {Str-4 Int+3
                  | Dex+6}
 14713 | Gauntlet | Noticed a minotaur
 14737 | Gauntlet | Killed a minotaur
 14747 | Gauntlet | Identified the +9 hand axe "Ogrebane" {freeze, Will+
                  | Stlth+}
 14833 | Lair:3   | Found a staircase to the Shoals.
 15386 | Lair:4   | Reached skill level 5 in Throwing
 15407 | Lair:4   | Noticed Sonja
 15408 | Lair:4   | Found a viscous altar of Jiyva.
 15416 | Lair:4   | Killed Sonja
 15468 | Lair:4   | Identified the +3 demon whip of Overwhelming Force {vamp,
                  | Will+ Int+3} (Okawaru gifted it to you on level 4 of the
                  | Lair of Beasts)
 15468 | Lair:4   | Received a gift from Okawaru
 16052 | Lair:4   | Found a staircase to the Slime Pits.
 16353 | Lair:4   | Noticed Josephine
 16370 | Lair:4   | Killed Josephine
 16503 | Lair:5   | Entered Level 5 of the Lair of Beasts
 16691 | Lair:4   | Received a gift from Okawaru
 16713 | Lair:4   | Gained mutation: Your large and strong wings let you fly.
                  | [Gargoyle growth]
 16713 | Lair:4   | Reached XP level 14. HP: 76/90 MP: 18/18
 17861 | Lair:5   | Identified the +1 robe "Dudot" {Contam Rampage Fly rElec}
                  | (Okawaru gifted it to you on level 5 of the Lair of Beasts)
 17861 | Lair:5   | Received a gift from Okawaru
 18293 | Lair:5   | Found a corrupted altar of Lugonu.
 18293 | Lair:5   | Found a one-way gate to the infinite horrors of the Abyss.
 18513 | Lair:5   | Identified the +3 ring mail of the Thunderstorm {rElec
                  | Slay+2}
 18841 | Orc:1    | Entered Level 1 of the Orcish Mines
 18963 | Orc:1    | Found Huamuw's Distillery.
 18964 | Orc:1    | You are sucked into a shaft and drop 1 floor!
 18964 | Orc:2    | Entered Level 2 of the Orcish Mines
 19311 | Orc:1    | Found Xib Onoa's Antique Weapon Emporium.
 19441 | Orc:1    | Found Ahadiethan's Antique Armour Boutique.
 19536 | Orc:1    | Found Dilil's Distillery.
 19670 | Orc:2    | Found a staircase to the Elven Halls.
 19842 | Orc:1    | Reached XP level 15. HP: 99/99 MP: 19/19
 19879 | Orc:1    | Identified the +2 pair of gloves of Impressiveness {rElec
                  | rF+ SInv} (Okawaru gifted it to you on level 1 of the
                  | Orcish Mines)
 19879 | Orc:1    | Received a gift from Okawaru
 20090 | Orc:2    | Found Beamicib's Distillery.
 20090 | Orc:2    | Found Sisaicw's Distillery.
 20221 | Orc:2    | Found Serykk's Armour Shoppe.
 20387 | Orc:2    | Found Anuc's Assorted Antiques.
 20387 | Orc:2    | Found Fokhle's Book Shoppe.
 21034 | Snake:1  | Entered Level 1 of the Snake Pit
 22448 | Snake:2  | Found the +0 pair of fencer's gloves {Riposte Dex+3}
 22519 | Snake:2  | Noticed Vashnia
 22753 | Snake:2  | Killed Vashnia
 23083 | Snake:2  | Received a gift from Okawaru
 23220 | Snake:2  | Received a gift from Okawaru
 23303 | Snake:2  | Noticed Roxanne
 23590 | Snake:2  | You are sucked into a shaft and drop 1 floor!
 23839 | Snake:3  | Reached XP level 16. HP: 107/107 MP: 20/20
 23901 | Snake:3  | Reached skill level 15 in Fighting
 23910 | Snake:3  | Received a gift from Okawaru
 23953 | Snake:3  | Reached skill level 15 in Shields
 24656 | Snake:3  | Received a gift from Okawaru
 25084 | Snake:4  | Entered Level 4 of the Snake Pit
 25099 | Snake:4  | Identified the +10 short sword "Cib Ximn" {flame, rF+ SInv}
 25525 | Snake:4  | Noticed a nagaraja
 25566 | Snake:4  | Killed a nagaraja
 25618 | Snake:4  | Received a gift from Okawaru
 26777 | Snake:4  | Noticed a nagaraja
 26818 | Snake:4  | Noticed Aizul
 26879 | Snake:3  | Killed Aizul
 27165 | Snake:4  | Noticed a nagaraja
 27219 | Snake:4  | Killed a nagaraja
 27273 | Snake:4  | Killed a nagaraja
 27489 | Snake:4  | Reached XP level 17. HP: 116/116 MP: 21/21
 27515 | Snake:4  | Identified the +0 cloak "Poniel" {rF- rC- rCorr Dex+7}
                  | (Okawaru gifted it to you on level 4 of the Snake Pit)
 27515 | Snake:4  | Received a gift from Okawaru
 27795 | Snake:4  | Got a serpentine rune of Zot
 28098 | Shoals:1 | Entered Level 1 of the Shoals
 28173 | Shoals:1 | You are sucked into a shaft and drop 1 floor!
 28446 | Shoals:1 | Reached skill level 15 in Maces & Flails
 28671 | Shoals:1 | Noticed a kraken
 28836 | Shoals:1 | Killed a kraken
 28935 | Shoals:1 | Noticed a kraken
 28973 | Shoals:1 | Killed a kraken
 29059 | Shoals:1 | Received a gift from Okawaru
 29324 | Shoals:1 | Noticed a kraken
 29372 | Shoals:1 | Killed a kraken
 29459 | Shoals:1 | Noticed a kraken
 29702 | Shoals:2 | Received a gift from Okawaru
 30510 | Shoals:2 | Received a gift from Okawaru
 30838 | Shoals:2 | Reached XP level 18. HP: 125/125 MP: 22/22
 31311 | Shoals:3 | Received a gift from Okawaru
 31496 | Shoals:3 | Identified the +7 mace "Lutul" {speed, rElec} (Okawaru
                  | gifted it to you on level 3 of the Shoals)
 31496 | Shoals:3 | Received a gift from Okawaru
 32675 | Shoals:4 | Entered Level 4 of the Shoals
 32713 | Shoals:4 | Noticed Polyphemus
 32722 | Shoals:4 | Noticed Kirke
 32730 | Shoals:4 | HP: 1/126 [water nymph/the raging water (7)]
 32730 | Shoals:4 | Slain by a water nymph

Illustrated notes

Levels and vault maps discovered:
D:1:      dpeg_arrival_more_subterranean_lakeside_camping, layout_basic
D:2:      layout_basic, ebering_ecumenical_altar_rust
D:3:      layout_basic, kennysheep_generic_room_15, uniq_crazy_yiuf_cottage,
          uniq_sigmund
D:4:      cheibrodos_greedy_goblins, layout_rooms, nicolae_overflow_squiral,
          uniq_ijyb
D:5:      layout_basic, mainiacjoe_overflow_two_lobes, lemuel_temple_firewalk_b
D:6:      layout_cave_pools, gammafunk_temple_overflow_pools, serial_undead,
          serial_undead_a, serial_undead_f, serial_undead_d, serial_undead_e,
          serial_undead_e, serial_undead_c, serial_undead_f,
          kennysheep_another_room
D:7:      layout_basic, old_standard_altar, enter_bailey_4, serial_shops,
          nicolae_inconvenience_store, minmay_checkerbox, uniq_joseph,
          uniq_menkaure
D:8:      layout_rooms, gammafunk_ghost_split, serial_shops, shop,
          minmay_unpleasant_kobolds
D:9:      layout_rooms, hellmonk_ghost_happy_afterlife
D:10:     layout_roguey, serial_shops, shop
D:11:     layout_cave_pods, erik_lair_orcish_takeover, hiddenorc1_lemuel
D:12:     layout_long_grid
Temple:   hellmonk_temple_divided_pantheon
Lair:1:   layout_hall_layers, portal_ice_cave_demonic_guard
Lair:2:   layout_regular_city, guppyfry_snake_entry_island
Lair:3:   layout_gridlike, elwin_shoals_entry_rocks, gauntlet_entry_generic,
          infiniplex_staircase_pool_2, grunt_megastairs_5, serial_bayou_shore_a,
          lemuel_fruit_tree
Lair:4:   layout_cave_pods, nicolae_slime_entry_field_trip, uniq_sonja,
          uniq_josephine
Lair:5:   hellmonk_lair_end_abyssal_woods, layout_small_grid,
          bobbens_dragon_lair_wall
Shoals:1: nicolae_shoals_lighthouse, layout_shoals
Shoals:2: layout_shoals
Shoals:3: layout_shoals
Shoals:4: shoals_end_hellmonk_lost_city, serial_shops, uniq_polyphemus,
          uniq_kirke, uniq_nikola
Snake:1:  layout_basic, hangedman_snake_pattern, grunt_megastairs_2
Snake:2:  layout_layer_cave, uniq_vashnia, uniq_roxanne
Snake:3:  layout_misc_corridors, grunt_ministairs_2, st_stairs_6
Snake:4:  minmay_snake_end_coiled, layout_cave_town, uniq_aizul
Orc:1:    layout_diamond_mine, serial_shops, nicolae_diamond_shop,
          nicolae_shop_back_alley_shop, shop, shop_statue, guppyfry_library_mini
Orc:2:    st_orc_town, layout_caves, serial_shops, shop

Skill      XL: |  1  2  3  4  5  6  7  8  9 10 11 12 13 14 15 16 17 18 |
---------------+-------------------------------------------------------+-----
Armour         | 4 5 6 7 8 9 10 11 12 13 14 | 14.3
Fighting       | 4 5 6 7 8 9 11 13 14 16 18 | 18.7
Maces & Flails | 3 4 5 6 8 9 10 12 13 14 15 | 15.5
Dodging        | 1 3 4 5 |  5.6
Shields        | 4 5 7 8 9 10 12 13 14 16 17 18 | 18.4
Throwing       | 1 2 3 4 5 6 7 |  7.4
Invocations    | 3 5 6 |  6.7

Action                     |  1- 3 |  4- 6 |  7- 9 | 10-12 | 13-15 | 16-18 || total
---------------------------+-------+-------+-------+-------+-------+-------++-------
  Melee: Flail             |   107 |    44 |       |       |       |       ||   151
         Unarmed           |       |    44 |       |       |       |       ||    44
         Mace              |       |    27 |   315 |   763 |   277 |       ||  1382
         Demon whip        |       |       |       |       |  1806 |  1832 ||  3638
  Throw: Stone             |    11 |       |       |       |       |       ||    11
         Dart              |       |       |    16 |    19 |    63 |    46 ||   144
         Boomerang         |       |       |       |    63 |   124 |     3 ||   190
 Invoke: Heroism           |       |       |       |       |     3 |     1 ||     4
         Finesse           |       |       |       |       |     3 |       ||     3
    Use: Potion            |       |       |       |       |     4 |     5 ||     9
 Armour: Scale mail        |    46 |    60 |    60 |       |       |       ||   166
         Ring mail         |       |       |   140 |       |       |       ||   140
         Chain mail        |       |       |     9 |   227 |       |       ||   236
         Plate armour      |       |       |       |    33 |   882 |   709 ||  1624
  Dodge: Dodged            |    44 |    53 |   221 |   394 |   565 |   319 ||  1596
  Block: Buckler           |    19 |    40 |   234 |   296 |  1143 |   225 ||  1957
         Reflection        |       |       |     5 |    15 |    65 |   211 ||   296
         Kite shield       |       |       |       |   181 |       |       ||   181
         Tower shield      |       |       |       |       |       |  1544 ||  1544
Riposte: Demon whip        |       |       |       |       |       |   399 ||   399

Table legend: (Time is in decaauts)
 A = Elapsed time spent in this place.
 B = Non-inter-level travel time spent in this place.
 C = Inter-level travel time spent in this place.
 D = Time resting spent in this place.
 E = Time spent auto-exploring this place.
 F = Levels seen in this place.
 G = Mean time per level.
                   A        B        C        D        E       F      G
               +--------+--------+--------+--------+--------+-----+--------+
         Total |  31108 |  28294 |   2814 |   1519 |  18330 |  30 | 1036.9 |
       Dungeon |  11991 |  11007 |    984 |    647 |   7959 |  12 |  999.2 |
        Temple |     38 |     25 |     13 |      0 |      0 |   1 |   38.0 |
          Lair |   5369 |   4718 |    651 |    199 |   3083 |   5 | 1073.8 |
        Shoals |   4289 |   3899 |    390 |    255 |   2196 |   4 | 1072.2 |
     Snake Pit |   6351 |   5714 |    637 |    410 |   3427 |   4 | 1587.8 |
  Orcish Mines |   1796 |   1660 |    136 |      0 |   1040 |   2 |  898.0 |
      Ice Cave |    703 |    703 |      0 |      8 |    283 |   1 |  703.0 |
      Gauntlet |    569 |    569 |      0 |      0 |    342 |   1 |  569.0 |
               +--------+--------+--------+--------+--------+-----+--------+

Top non-repeatable levels by time:
Shoals:1: 1966 daAuts
 Snake:4: 1945 daAuts
 Snake:2: 1787 daAuts
     D:5: 1764 daAuts
  Lair:5: 1616 daAuts
  Lair:4: 1399 daAuts
 Snake:1: 1389 daAuts
     D:7: 1367 daAuts
     D:3: 1323 daAuts
    D:11: 1321 daAuts
 Snake:3: 1228 daAuts
Shoals:3: 1175 daAuts
Shoals:2: 1112 daAuts
    D:12: 1028 daAuts
     D:1: 1025 daAuts
